Thunder vs Machettes (R1)

Created - 30 octobre 2012 at 21:25

Simulating a Pre-Season

Goals
1 2 3 T
Thunder 2 1 2 5
Machettes 1 2 0 3
Shots
1 2 3 T
Thunder 13 14 7 34
Machettes 11 17 13 41

1st period

1. Machettes , Steven Goertzen 1 (Stephane Da Costa) at 12:54
2. Thunder , Peter Regin 2 (Mike Weber) at 14:41
3. Thunder , Alexei Semenov 1 (Peter Regin, Ivan Novoseltsev) at 15:23 (PP)

Penalties :
Daniel Winnik (TRO) for Diving (Minor) at 9:57, Alexandre Picard (CLM) for Hooking (Minor) at 15:11, Tyler McNeely (CLM) for Interference (Minor) at 18:21

2nd period

4. Thunder , Pat Dwyer 1 (Adam Hall, Ivan Novoseltsev) at 4:41
5. Machettes , Pavel Vorobiev 1 (John Mitchell, Tom Gilbert) at 9:20 (PP)
6. Machettes , Peter Olvecky 1 (Pavel Vorobiev) at 11:55

Penalties :
Samuel Pahlsson (TRO) for Roughing (Minor) at 2:25, Ivan Novoseltsev (TRO) for Roughing (Minor) at 5:34, Mike Weber (TRO) for Roughing (Minor) at 8:18, Samuel Pahlsson (TRO) for Slashing (Minor) at 14:00, Kevin Montgomery (TRO) for Roughing (Minor) at 19:07

3rd period

7. Thunder , Mike Weber 1 (Pat Dwyer, Pierre-Alexandre Parenteau) at 4:51
8. Thunder , Ivan Novoseltsev 1 (Peter Regin) at 19:34 (Empty Net)

Penalties :
Alec Martinez (CLM) for High sticking (Minor) at 5:18, Samuel Pahlsson (TRO) for High sticking (Minor) at 5:36, Steven Goertzen (CLM) for Roughing (Minor) at 7:40, Tyler McNeely (CLM) for High sticking (Minor) at 10:06, Joey Ryan (TRO) for Cross-checking (Minor) at 10:06, Peter Olvecky (CLM) for Tripping (Minor) at 13:50, Steven Goertzen (CLM) for Hooking (Minor) at 19:37

Goalie Stats

Adam Munro (TRO), 38 saves from 41 shots - (0,927), W, 1-1-0, 60:00 minutes
Marek Schwarz (CLM), 29 saves from 33 shots - (0,879), L, 0-1-0, 59:40 minutes

Players Stats for Thunder

Player Name              G  A  P  +/- PIM S  H  SB GA TA FO     MP     PP MP  PK MP  
------------------------------------------------------------------------------------
Adam Hall                0  1  1   0  0   2  1  0  0  0  1/1    16:12   2:49   3:08 
Alexei Semenov           1  0  1   2  0   2  2  2  1  2  0/0    29:54   4:05   7:45 
Andreas Engqvist         0  0  0   0  0   0  0  0  0  0  0/0     0:00   0:00   0:00 
Billy Sweat              0  0  0   0  0   0  0  0  0  0  0/0     0:00   0:00   0:00 
Brandon Mashinter        0  0  0   0  0   0  0  0  0  0  0/0     0:00   0:00   0:00 
Clarke Wilm              0  0  0   0  0   0  0  0  0  0  0/0     1:54   0:00   1:25 
Colton Gillies           0  0  0   2  0   1  0  0  0  0  0/0     6:47   0:00   0:00 
Daniel Winnik            0  0  0  -1  2   1  1  0  2  0  0/0    14:12   0:00   3:31 
Dany Roussin             0  0  0   1  0   0  3  1  0  0  1/2    16:45   4:00   1:14 
Derek Peltier            0  0  0   1  0   1  0  3  0  0  0/0    21:38   2:44   3:30 
Doug Janik               0  0  0   2  0   3  3  0  0  1  0/0    29:54   4:05   7:45 
Ivan Novoseltsev         1  2  3   1  2   4  2  0  0  0  0/3    19:44   4:00   2:13 
Joey Ryan                0  0  0  -1  2   0  0  1  0  0  0/0     9:06   0:00   0:00 
Kevin Montgomery         0  0  0  -1  2   0  0  0  0  0  0/0     8:56   0:00   0:28 
Mike Weber               1  1  2   1  2   1  2  0  0  1  0/0    21:09   2:44   3:02 
Pat Dwyer                1  1  2   2  0   2  0  0  0  0  0/0     6:50   0:00   0:00 
Peter Regin              1  2  3   1  0   8  2  0  0  0  22/41  25:01   3:54   6:52 
Pierre-Alexandre Parente 0  1  1  -1  0   1  0  1  0  0  1/2    10:14   0:00   0:00 
Ray Macias               0  0  0   0  0   0  0  0  0  0  0/0     0:00   0:00   0:00 
Ronald Petrovicky        0  0  0   0  0   0  0  0  0  0  0/0     0:00   0:00   0:00 
Samuel Pahlsson          0  0  0   0  6   3  1  0  0  0  5/7    17:10   2:48   3:59 
Scott Parse              0  0  0   0  0   2  4  0  0  1  0/0    11:21   2:49   0:00 
T.J. Oshie               0  0  0  -1  0   1  1  0  0  2  3/5    11:23   0:06   0:08 
Tom Pyatt                0  0  0   2  0   2  0  0  0  0  1/4     6:47   0:00   0:00 
Travis Brigley           0  0  0   0  0   0  0  0  0  0  0/0     0:00   0:00   0:00 

Players Stats for Machettes

Player Name              G  A  P  +/- PIM S  H  SB GA TA FO     MP     PP MP  PK MP  
------------------------------------------------------------------------------------
Alec Martinez            0  0  0   0  2   0  2  1  2  0  0/0    19:49   3:47   1:45 
Alexandre Picard         0  0  0   0  2   2  5  1  0  0  0/0    20:26   3:41   1:45 
Andrew Orpik             0  0  0   1  0   0  0  0  0  0  0/0    10:56   0:02   0:00 
Cory Emmerton            0  0  0  -1  0   1  0  0  0  0  3/6    13:10   4:29   0:00 
Dustin Jeffrey           0  0  0   0  0   1  1  0  0  0  0/0     6:04   0:00   0:00 
John Mitchell            0  1  1  -1  0   3  4  2  0  0  13/28  21:50   6:46   2:10 
Justin Falk              0  0  0   1  0   0  0  0  0  0  0/0    10:11   0:00   0:00 
Mathieu Darche           0  0  0  -1  0   1  0  0  1  0  0/0    14:24   4:29   1:11 
Michal Repik             0  0  0   0  0   0  1  0  0  0  0/0     6:04   0:00   0:00 
Paul Ranger              0  0  0  -3  0   3  3  3  0  1  0/0    29:22   7:34   5:04 
Pavel Vorobiev           1  1  2  -1  0   12 2  1  1  0  6/14   24:36   6:38   4:00 
Peter Olvecky            1  0  1  -1  2   1  2  2  0  0  1/3    18:06   6:38   0:00 
Rick Schofield           0  0  0   0  0   0  1  0  1  0  1/2     7:31   0:00   1:05 
Stefan Ruzicka           0  0  0  -1  0   2  2  0  1  0  0/0    19:43   4:29   4:02 
Stephane Da Costa        0  1  1   0  0   1  0  0  0  0  5/9    11:47   0:00   0:04 
Steven Goertzen          1  0  1   0  4   8  0  0  0  1  0/1    13:46   0:08   1:06 
Tom Gilbert              0  1  1  -3  0   5  0  5  1  1  0/0    29:22   7:34   5:04 
Tyler McNeely            0  0  0   0  4   1  2  0  0  0  2/2    12:17   0:00   0:00 

3 Stars

1 - Peter Regin (TRO)
2 - Ivan Novoseltsev (TRO)
3 - Pat Dwyer (TRO)

Power Play

Thunder - 1 on 6 Attempt(s) - 16,67%
Machettes - 1 on 7 Attempt(s) - 14,29%

Penalty Kill

Thunder - 6 on 7 Attempt(s) - 85,71% - Score 0 goal in Penalty Kill
Machettes - 5 on 6 Attempt(s) - 83,33% - Score 0 goal in Penalty Kill

Official

Referees : Meier Brad and Furlatt Eric
Linesman : David Brisebois and Steve Barton

Game Notes

18:54 of 3rd period - Machettes goal is going for a video replay. After video review, No Goal. The net was displaced accidentally.
Ivan Novoseltsev has scored in a empty net!

Thunder

5 vs 5 Forward 
   Center                   Left Wing                Right Wing               Time % Phy DF OF 
 1 Peter Regin              Dany Roussin             Ivan Novoseltsev         40     1   2  2  
 2 Samuel Pahlsson          Scott Parse              Adam Hall                30     1   2  2  
 3 T.J. Oshie               Daniel Winnik            Pierre-Alexandre Parentea20     1   2  2  
 4 Tom Pyatt                Colton Gillies           Pat Dwyer                10     1   2  2  

5 vs 5 Defense 
   Defense                  Defense                                           Time % Phy DF OF 
 1 Alexei Semenov           Doug Janik                                        40     1   2  2  
 2 Mike Weber               Derek Peltier                                     30     1   2  2  
 3 Joey Ryan                Kevin Montgomery                                  20     1   2  2  
 4 Alexei Semenov           Doug Janik                                        10     1   2  2  

PowerPlay Forward 
   Center                   Left Wing                Right Wing               Time % Phy DF OF 
 1 Peter Regin              Dany Roussin             Ivan Novoseltsev         60     1   2  2  
 2 Samuel Pahlsson          Scott Parse              Adam Hall                40     1   2  2  

PowerPlay Defense
   Defense                  Defense                                           Time % Phy DF OF 
 1 Alexei Semenov           Doug Janik                                        60     1   2  2  
 2 Mike Weber               Derek Peltier                                     40     1   2  2  

Penalty Kill 4 Players Forward 
   Center                   Wing                     Time % Phy DF OF 
 1 Peter Regin              Samuel Pahlsson          60     1   2  2  
 2 Ivan Novoseltsev         Adam Hall                40     1   2  2  

Penalty Kill 4 Players Defense
   Defense                  Defense                  Time % Phy DF OF 
 1 Alexei Semenov           Doug Janik               60     1   2  2  
 2 Mike Weber               Derek Peltier            40     1   2  2  

Penalty Kill - 3 Players Forward 
   Forward                                           Time % Phy DF OF 
 1 Peter Regin                                       60     1   2  2  
 2 Samuel Pahlsson                                   40     1   2  2  

Penalty Kill - 3 Players Defense
   Defense                  Defense                  Time % Phy DF OF 
 1 Alexei Semenov           Doug Janik               60     1   2  2  
 2 Mike Weber               Derek Peltier            40     1   2  2  

4 vs 4 Forward 
   Center                   Wing                     Time % Phy DF OF 
 1 Peter Regin              Samuel Pahlsson          60     1   2  2  
 2 Ivan Novoseltsev         Adam Hall                40     1   2  2  

4 vs 4 Defense
   Defense                  Defense                  Time % Phy DF OF 
 1 Alexei Semenov           Doug Janik               60     1   2  2  
 2 Mike Weber               Derek Peltier            40     1   2  2  

Last Minutes Offensive
   Center                   Left Wing                Right Wing               Defense                  Defense                  
   Peter Regin              Dany Roussin             Ivan Novoseltsev         Alexei Semenov           Doug Janik               

Last Minutes Defensive
   Center                   Left Wing                Right Wing               Defense                  Defense                  
   Peter Regin              Dany Roussin             Ivan Novoseltsev         Alexei Semenov           Doug Janik               

Goaltenders
Starting : Adam Munro               
Backup : Tomas Vokoun             

Extra Forwards
Normal : T.J. Oshie, Pierre-Alexandre Parenteau, Daniel Winnik - PP : T.J. Oshie, Pierre-Alexandre Parenteau - PK : Daniel Winnik
Extra Defensemen
Normal : Joey Ryan, Kevin Montgomery, Mike Weber - PP : Joey Ryan - PK : Kevin Montgomery, Mike Weber
Penalty Shots
Peter Regin, Samuel Pahlsson, Ivan Novoseltsev, Adam Hall, T.J. Oshie

Machettes

5 vs 5 Forward 
   Center                   Left Wing                Right Wing               Time % Phy DF OF 
 1 John Mitchell            Peter Olvecky            Pavel Vorobiev           40     1   2  2  
 2 Cory Emmerton            Mathieu Darche           Stefan Ruzicka           30     1   2  2  
 3 Stephane Da Costa        Tyler McNeely            Steven Goertzen          20     1   2  2  
 4 Rick Schofield           Dustin Jeffrey           Michal Repik             10     1   2  2  

5 vs 5 Defense 
   Defense                  Defense                                           Time % Phy DF OF 
 1 Tom Gilbert              Paul Ranger                                       40     1   2  2  
 2 Alexandre Picard         Alec Martinez                                     30     1   2  2  
 3 Andrew Orpik             Justin Falk                                       20     1   2  2  
 4 Tom Gilbert              Paul Ranger                                       10     1   2  2  

PowerPlay Forward 
   Center                   Left Wing                Right Wing               Time % Phy DF OF 
 1 John Mitchell            Peter Olvecky            Pavel Vorobiev           60     1   2  2  
 2 Cory Emmerton            Mathieu Darche           Stefan Ruzicka           40     1   2  2  

PowerPlay Defense
   Defense                  Defense                                           Time % Phy DF OF 
 1 Tom Gilbert              Paul Ranger                                       60     1   2  2  
 2 Alexandre Picard         Alec Martinez                                     40     1   2  2  

Penalty Kill 4 Players Forward 
   Center                   Wing                     Time % Phy DF OF 
 1 Pavel Vorobiev           Stefan Ruzicka           60     1   2  2  
 2 Steven Goertzen          John Mitchell            40     1   2  2  

Penalty Kill 4 Players Defense
   Defense                  Defense                  Time % Phy DF OF 
 1 Tom Gilbert              Paul Ranger              60     1   2  2  
 2 Alexandre Picard         Alec Martinez            40     1   2  2  

Penalty Kill - 3 Players Forward 
   Forward                                           Time % Phy DF OF 
 1 Pavel Vorobiev                                    60     1   2  2  
 2 Stefan Ruzicka                                    40     1   2  2  

Penalty Kill - 3 Players Defense
   Defense                  Defense                  Time % Phy DF OF 
 1 Tom Gilbert              Paul Ranger              60     1   2  2  
 2 Alexandre Picard         Alec Martinez            40     1   2  2  

4 vs 4 Forward 
   Center                   Wing                     Time % Phy DF OF 
 1 Pavel Vorobiev           Stefan Ruzicka           60     1   2  2  
 2 Steven Goertzen          John Mitchell            40     1   2  2  

4 vs 4 Defense
   Defense                  Defense                  Time % Phy DF OF 
 1 Tom Gilbert              Paul Ranger              60     1   2  2  
 2 Alexandre Picard         Alec Martinez            40     1   2  2  

Last Minutes Offensive
   Center                   Left Wing                Right Wing               Defense                  Defense                  
   John Mitchell            Peter Olvecky            Pavel Vorobiev           Tom Gilbert              Paul Ranger              

Last Minutes Defensive
   Center                   Left Wing                Right Wing               Defense                  Defense                  
   John Mitchell            Peter Olvecky            Pavel Vorobiev           Tom Gilbert              Paul Ranger              

Goaltenders
Starting : Marek Schwarz            
Backup : Jeremy Duchesne          

Extra Forwards
Normal : Tyler McNeely, Stephane Da Costa, Rick Schofield - PP : Tyler McNeely, Stephane Da Costa - PK : Rick Schofield
Extra Defensemen
Normal : Andrew Orpik, Justin Falk, Alexandre Picard - PP : Andrew Orpik - PK : Justin Falk, Alexandre Picard
Penalty Shots
Pavel Vorobiev, Stefan Ruzicka, Steven Goertzen, John Mitchell, Peter Olvecky

% Time on Ice - Thunder

Lines # - Real PCT - Wanted PCT - Time Play
Normal Forward
1 - 31% - 40% - 11:42
2 - 27% - 30% - 10:11
3 - 24% - 20% - 8:56
4 - 18% - 10% - 6:47
Normal Defense
1 - 37% - 40% - 13:54
2 - 37% - 30% - 14:02
3 - 23% - 20% - 8:28
4 - 3% - 10% - 1:12
PP Forward
1 - 59% - 60% - 4:00
2 - 41% - 40% - 2:49
PP Defense
1 - 60% - 60% - 4:05
2 - 40% - 40% - 2:44
PK Forward
1 - 72% - 60% - 8:07
2 - 28% - 40% - 3:08
PK Defense
1 - 69% - 60% - 7:45
2 - 31% - 40% - 3:30
PK3 Forward
1 - 0% - 60%
2 - 0% - 40%
PK3 Defense
1 - 0% - 60%
2 - 0% - 40%
44 Forward
1 - 84% - 60% - 3:04
2 - 16% - 40% - 0:36
44 Defense
1 - 63% - 60% - 2:18
2 - 37% - 40% - 1:22
Last Minute Offensive  - 0:00
Last Minute Defensive  - 0:40
Total
Forward - 60:00
Defense - 60:00

% Time on Ice - Machettes

Lines # - Real PCT - Wanted PCT - Time Play
Normal Forward
1 - 29% - 40% - 11:03
2 - 25% - 30% - 9:25
3 - 29% - 20% - 11:04
4 - 16% - 10% - 6:04
Normal Defense
1 - 36% - 40% - 13:33
2 - 35% - 30% - 13:01
3 - 27% - 20% - 10:11
4 - 2% - 10% - 0:51
PP Forward
1 - 59% - 60% - 6:38
2 - 41% - 40% - 4:37
PP Defense
1 - 67% - 60% - 7:34
2 - 33% - 40% - 3:41
PK Forward
1 - 77% - 60% - 5:13
2 - 23% - 40% - 1:36
PK Defense
1 - 74% - 60% - 5:04
2 - 26% - 40% - 1:45
PK3 Forward
1 - 0% - 60%
2 - 0% - 40%
PK3 Defense
1 - 0% - 60%
2 - 0% - 40%
44 Forward
1 - 80% - 60% - 2:57
2 - 20% - 40% - 0:43
44 Defense
1 - 45% - 60% - 1:40
2 - 55% - 40% - 2:00
Last Minute Offensive  - 0:40
Last Minute Defensive  - 0:00
Total
Forward - 60:00
Defense - 60:00

Play by Play

1st period


0:01 of 1st period - Peter Regin wins face-off versus John Mitchell in neutral zone.
0:09 of 1st period - Peter Regin is hit by Paul Ranger and loses puck.
0:14 of 1st period - Slapshot by Tom Gilbert.
0:14 of 1st period - Shot Blocked by Dany Roussin.
1:02 of 1st period - Kevin Montgomery is hit by Paul Ranger and loses puck.
1:19 of 1st period - Snap shot by Pierre-Alexandre Parenteau.
1:19 of 1st period - Shot Hit the Post.
1:31 of 1st period - Wrist shot by Stefan Ruzicka.
1:31 of 1st period - Shot Misses the Net.
1:33 of 1st period - Wrist shot by Paul Ranger.
1:33 of 1st period - Stopped by Adam Munro with a rebound.
2:25 of 1st period - Wrist shot by T.J. Oshie.
2:25 of 1st period - Stopped by Marek Schwarz without a rebound.
2:26 of 1st period - Peter Olvecky wins face-off versus Peter Regin in Machettes zone.
2:31 of 1st period - Snap shot by John Mitchell.
2:31 of 1st period - Stopped by Adam Munro with a rebound.
2:40 of 1st period - Off-side.
2:41 of 1st period - Samuel Pahlsson wins face-off versus Steven Goertzen in neutral zone.
2:56 of 1st period - Snap shot by Steven Goertzen.
2:56 of 1st period - Stopped by Adam Munro with a rebound.
3:10 of 1st period - Icing by Pavel Vorobiev.
3:11 of 1st period - John Mitchell wins face-off versus Peter Regin in Machettes zone.
3:11 of 1st period - John Mitchell is hit by Alexei Semenov.
3:30 of 1st period - Peter Olvecky is hit by Dany Roussin and loses puck.
3:43 of 1st period - Snap shot by Dany Roussin.
3:43 of 1st period - Shot Blocked by John Mitchell.
3:51 of 1st period - Snap shot by Ivan Novoseltsev.
3:51 of 1st period - Stopped by Marek Schwarz with a rebound.
4:07 of 1st period - Wrist shot by Peter Regin.
4:07 of 1st period - Stopped by Marek Schwarz with a rebound.
4:09 of 1st period - Wrist shot by Derek Peltier.
4:09 of 1st period - Stopped by Marek Schwarz with a rebound.
4:13 of 1st period - Wrist shot by Peter Regin.
4:13 of 1st period - Stopped by Marek Schwarz with a rebound.
4:34 of 1st period - Off-side.
4:35 of 1st period - Samuel Pahlsson wins face-off versus Stephane Da Costa in neutral zone.
4:39 of 1st period - Adam Hall is hit by Alec Martinez.
7:23 of 1st period - Justin Falk is hit by Alexei Semenov and loses puck.
7:34 of 1st period - Ivan Novoseltsev is hit by John Mitchell and loses puck.
8:36 of 1st period - Doug Janik is hit by Alec Martinez and loses puck.
9:02 of 1st period - Snap shot by Peter Regin.
9:02 of 1st period - Shot Misses the Net.
9:04 of 1st period - Slapshot by Derek Peltier.
9:04 of 1st period - Shot Misses the Net.
9:06 of 1st period - Wrist shot by Pat Dwyer.
9:06 of 1st period - Deflect By Tom Pyatt.
9:06 of 1st period - Shot Blocked by Pavel Vorobiev.
9:06 of 1st period - Puck is out of play.
9:07 of 1st period - Stephane Da Costa wins face-off versus Tom Pyatt in Machettes zone.
9:16 of 1st period - Snap shot by Steven Goertzen.
9:16 of 1st period - Stopped by Adam Munro without a rebound.
9:17 of 1st period - Stephane Da Costa wins face-off versus Peter Regin in Thunder zone.
9:18 of 1st period - Wrist shot by Steven Goertzen.
9:18 of 1st period - Shot Misses the Net.
9:57 of 1st period - Minor Penalty to Daniel Winnik for Diving.
9:58 of 1st period - Samuel Pahlsson wins face-off versus John Mitchell in Thunder zone.
10:09 of 1st period - Doug Janik is hit by Peter Olvecky and loses puck.
11:57 of 1st period - Penalty to Daniel Winnik is over, Daniel Winnik is back on ice.
12:08 of 1st period - Ivan Novoseltsev is hit by Alexandre Picard and loses puck.
12:15 of 1st period - Wrist shot by Ivan Novoseltsev.
12:15 of 1st period - Stopped by Marek Schwarz without a rebound.
12:16 of 1st period - Tom Pyatt wins face-off versus Rick Schofield in Machettes zone.
12:54 of 1st period - Wrist shot by Steven Goertzen.
12:54 of 1st period - Goal by Steven Goertzen - Thunder : 0 - Machettes : 1.
12:55 of 1st period - Peter Regin wins face-off versus John Mitchell in neutral zone.
13:06 of 1st period - Wrist shot by Peter Regin.
13:06 of 1st period - Deflect By Ivan Novoseltsev.
13:06 of 1st period - Shot Blocked by Peter Olvecky.
13:06 of 1st period - Puck is out of play.
13:07 of 1st period - Peter Regin wins face-off versus John Mitchell in Machettes zone.
13:18 of 1st period - Snap shot by Pavel Vorobiev.
13:18 of 1st period - Stopped by Adam Munro with a rebound.
13:20 of 1st period - Slapshot by Pavel Vorobiev.
13:20 of 1st period - Stopped by Adam Munro with a rebound.
13:22 of 1st period - Wrist shot by John Mitchell.
13:22 of 1st period - Shot Misses the Net.
13:57 of 1st period - Derek Peltier is hit by Alexandre Picard and loses puck.
14:25 of 1st period - Snap shot by Pat Dwyer.
14:25 of 1st period - Shot Misses the Net.
14:39 of 1st period - Snap shot by Peter Regin.
14:39 of 1st period - Stopped by Marek Schwarz with a rebound.
14:41 of 1st period - Wrist shot by Peter Regin.
14:41 of 1st period - Goal by Peter Regin - Thunder : 1 - Machettes : 1.
14:42 of 1st period - John Mitchell wins face-off versus Peter Regin in neutral zone.
14:55 of 1st period - Wrist shot by John Mitchell.
14:55 of 1st period - Stopped by Adam Munro with a rebound.
14:57 of 1st period - Snap shot by Pavel Vorobiev.
14:57 of 1st period - Stopped by Adam Munro with a rebound.
15:11 of 1st period - Minor Penalty to Alexandre Picard for Hooking.
15:12 of 1st period - Peter Regin wins face-off versus Pavel Vorobiev in Machettes zone.
15:13 of 1st period - Snap shot by Ivan Novoseltsev.
15:13 of 1st period - Deflect By Dany Roussin.
15:13 of 1st period - Shot Misses the Net.
15:13 of 1st period - Puck is out of play.
15:14 of 1st period - Peter Regin wins face-off versus Pavel Vorobiev in Machettes zone.
15:21 of 1st period - Snap shot by Peter Regin.
15:21 of 1st period - Shot Blocked by Paul Ranger.
15:23 of 1st period - Snap shot by Alexei Semenov.
15:23 of 1st period - Goal by Alexei Semenov - Thunder : 2 - Machettes : 1.
15:24 of 1st period - John Mitchell wins face-off versus Peter Regin in neutral zone.
15:24 of 1st period - Pavel Vorobiev is hit by Ivan Novoseltsev.
15:32 of 1st period - Wrist shot by Alexei Semenov.
15:32 of 1st period - Stopped by Marek Schwarz with a rebound.
15:34 of 1st period - Wrist shot by Doug Janik.
15:34 of 1st period - Shot Misses the Net.
15:50 of 1st period - Slapshot by Samuel Pahlsson.
15:50 of 1st period - Stopped by Marek Schwarz with a rebound.
16:12 of 1st period - Slapshot by Tom Gilbert.
16:12 of 1st period - Stopped by Adam Munro with a rebound.
16:14 of 1st period - Slapshot by Paul Ranger.
16:14 of 1st period - Shot Blocked by Pierre-Alexandre Parenteau.
16:16 of 1st period - Slapshot by Tom Gilbert.
16:16 of 1st period - Stopped by Adam Munro without a rebound.
16:17 of 1st period - Peter Regin wins face-off versus John Mitchell in Thunder zone.
17:05 of 1st period - Andrew Orpik is hit by Daniel Winnik and loses puck.
17:34 of 1st period - Slapshot by Pat Dwyer.
17:34 of 1st period - Stopped by Marek Schwarz with a rebound.
18:14 of 1st period - Snap shot by Samuel Pahlsson.
18:14 of 1st period - Stopped by Marek Schwarz with a rebound.
18:21 of 1st period - Minor Penalty to Tyler McNeely for Interference.
18:22 of 1st period - Peter Regin wins face-off versus Pavel Vorobiev in Machettes zone.
18:25 of 1st period - Wrist shot by Ivan Novoseltsev.
18:25 of 1st period - Shot Hit the Post.
18:27 of 1st period - Snap shot by Alexei Semenov.
18:27 of 1st period - Shot Blocked by Tom Gilbert.
18:47 of 1st period - Pavel Vorobiev is hit by Scott Parse and loses puck.
19:10 of 1st period - Stefan Ruzicka is hit by Peter Regin and loses puck.
19:21 of 1st period - Pavel Vorobiev is hit by Mike Weber and loses puck.

2nd period


0:01 of 2nd period - Peter Regin wins face-off versus Pavel Vorobiev in neutral zone.
0:10 of 2nd period - Tom Gilbert is hit by Dany Roussin and loses puck.
0:21 of 2nd period - Penalty to Tyler McNeely is over, Tyler McNeely is back on ice.
0:25 of 2nd period - Pavel Vorobiev is hit by T.J. Oshie and loses puck.
0:36 of 2nd period - Backhand shot by Pierre-Alexandre Parenteau.
0:36 of 2nd period - Stopped by Marek Schwarz without a rebound.
0:37 of 2nd period - Rick Schofield wins face-off versus Ivan Novoseltsev in Machettes zone.
0:37 of 2nd period - Rick Schofield is hit by Peter Regin.
0:43 of 2nd period - Slapshot by Alexandre Picard.
0:43 of 2nd period - Stopped by Adam Munro with a rebound.
1:25 of 2nd period - Slapshot by Doug Janik.
1:25 of 2nd period - Stopped by Marek Schwarz without a rebound.
1:26 of 2nd period - John Mitchell wins face-off versus Tom Pyatt in Machettes zone.
1:58 of 2nd period - Slapshot by Tom Pyatt.
1:58 of 2nd period - Stopped by Marek Schwarz with a rebound.
2:00 of 2nd period - Snap shot by Colton Gillies.
2:00 of 2nd period - Stopped by Marek Schwarz with a rebound.
2:02 of 2nd period - Snap shot by Tom Pyatt.
2:02 of 2nd period - Stopped by Marek Schwarz without a rebound.
2:03 of 2nd period - John Mitchell wins face-off versus Peter Regin in Machettes zone.
2:25 of 2nd period - Minor Penalty to Samuel Pahlsson for Roughing.
2:26 of 2nd period - Peter Regin wins face-off versus John Mitchell in Thunder zone.
2:26 of 2nd period - Peter Regin is hit by John Mitchell.
2:38 of 2nd period - Slapshot by Pavel Vorobiev.
2:38 of 2nd period - Shot Misses the Net.
2:40 of 2nd period - Wrist shot by Pavel Vorobiev.
2:40 of 2nd period - Stopped by Adam Munro with a rebound.
2:42 of 2nd period - Backhand shot by Peter Olvecky.
2:42 of 2nd period - Shot Misses the Net.
4:24 of 2nd period - Doug Janik is hit by Stefan Ruzicka and loses puck.
4:25 of 2nd period - Penalty to Samuel Pahlsson is over, Samuel Pahlsson is back on ice.
4:41 of 2nd period - Snap shot by Pat Dwyer.
4:41 of 2nd period - Goal by Pat Dwyer - Thunder : 3 - Machettes : 1.
4:42 of 2nd period - Adam Hall wins face-off versus Peter Olvecky in neutral zone.
5:12 of 2nd period - Slapshot by Alexandre Picard.
5:12 of 2nd period - Stopped by Adam Munro without a rebound.
5:13 of 2nd period - Stephane Da Costa wins face-off versus Ivan Novoseltsev in Thunder zone.
5:24 of 2nd period - Slapshot by Peter Regin.
5:24 of 2nd period - Stopped by Marek Schwarz without a rebound.
5:25 of 2nd period - Peter Regin wins face-off versus John Mitchell in Machettes zone.
5:32 of 2nd period - Snap shot by Pavel Vorobiev.
5:32 of 2nd period - Stopped by Adam Munro without a rebound.
5:33 of 2nd period - Peter Regin wins face-off versus John Mitchell in Thunder zone.
5:33 of 2nd period - Peter Regin is hit by John Mitchell.
5:34 of 2nd period - Minor Penalty to Ivan Novoseltsev for Roughing.
5:35 of 2nd period - Peter Regin wins face-off versus Pavel Vorobiev in Thunder zone.
6:04 of 2nd period - Slapshot by Paul Ranger.
6:04 of 2nd period - Shot Misses the Net.
6:10 of 2nd period - Slapshot by Tom Gilbert.
6:10 of 2nd period - Shot Misses the Net.
6:42 of 2nd period - Alec Martinez is hit by Adam Hall and loses puck.
7:34 of 2nd period - Penalty to Ivan Novoseltsev is over, Ivan Novoseltsev is back on ice.
8:08 of 2nd period - Slapshot by Dustin Jeffrey.
8:08 of 2nd period - Stopped by Adam Munro without a rebound.
8:09 of 2nd period - Peter Regin wins face-off versus Stephane Da Costa in Thunder zone.
8:18 of 2nd period - Minor Penalty to Mike Weber for Roughing.
8:19 of 2nd period - Peter Regin wins face-off versus John Mitchell in Thunder zone.
8:42 of 2nd period - Doug Janik is hit by Pavel Vorobiev and loses puck.
9:12 of 2nd period - Wrist shot by Pavel Vorobiev.
9:12 of 2nd period - Shot Blocked by Derek Peltier.
9:14 of 2nd period - Wrist shot by Pavel Vorobiev.
9:14 of 2nd period - Stopped by Adam Munro with a rebound.
9:16 of 2nd period - Slapshot by Tom Gilbert.
9:16 of 2nd period - Stopped by Adam Munro with a rebound.
9:18 of 2nd period - Snap shot by John Mitchell.
9:18 of 2nd period - Shot Blocked by Derek Peltier.
9:20 of 2nd period - Wrist shot by Pavel Vorobiev.
9:20 of 2nd period - Goal by Pavel Vorobiev - Thunder : 3 - Machettes : 2.
9:21 of 2nd period - Samuel Pahlsson wins face-off versus Cory Emmerton in neutral zone.
9:24 of 2nd period - Snap shot by Samuel Pahlsson.
9:24 of 2nd period - Shot Blocked by Alec Martinez.
9:32 of 2nd period - Snap shot by Adam Hall.
9:32 of 2nd period - Stopped by Marek Schwarz with a rebound.
9:34 of 2nd period - Wrist shot by Doug Janik.
9:34 of 2nd period - Stopped by Marek Schwarz with a rebound.
9:36 of 2nd period - Snap shot by Scott Parse.
9:36 of 2nd period - Stopped by Marek Schwarz with a rebound.
9:46 of 2nd period - Doug Janik is hit by Tyler McNeely and loses puck.
9:51 of 2nd period - Wrist shot by Steven Goertzen.
9:51 of 2nd period - Stopped by Adam Munro with a rebound.
10:10 of 2nd period - T.J. Oshie is hit by Michal Repik and loses puck.
10:25 of 2nd period - Tom Gilbert is hit by Mike Weber and loses puck.
11:31 of 2nd period - Icing by Alexei Semenov.
11:32 of 2nd period - John Mitchell wins face-off versus T.J. Oshie in Thunder zone.
11:43 of 2nd period - Slapshot by Pierre-Alexandre Parenteau.
11:43 of 2nd period - Shot Misses the Net.
11:45 of 2nd period - Slapshot by Alexei Semenov.
11:45 of 2nd period - Deflect By Daniel Winnik.
11:45 of 2nd period - Stopped by Marek Schwarz without a rebound.
11:46 of 2nd period - Peter Regin wins face-off versus John Mitchell in Machettes zone.
11:47 of 2nd period - Wrist shot by Ivan Novoseltsev.
11:47 of 2nd period - Shot Misses the Net.
11:55 of 2nd period - Snap shot by Pavel Vorobiev.
11:55 of 2nd period - Deflect By Peter Olvecky.
11:55 of 2nd period - Goal by Peter Olvecky - Thunder : 3 - Machettes : 3.
11:56 of 2nd period - Dany Roussin wins face-off versus Peter Olvecky in neutral zone.
12:11 of 2nd period - Snap shot by Ivan Novoseltsev.
12:11 of 2nd period - Shot Blocked by Tom Gilbert.
12:46 of 2nd period - Wrist shot by Rick Schofield.
12:46 of 2nd period - Shot Blocked by Derek Peltier.
13:33 of 2nd period - Pat Dwyer is hit by Alexandre Picard and loses puck.
13:42 of 2nd period - Tom Pyatt is hit by Alexandre Picard.
13:52 of 2nd period - Tyler McNeely is hit by Scott Parse and loses puck.
14:00 of 2nd period - Minor Penalty to Samuel Pahlsson for Slashing.
14:01 of 2nd period - John Mitchell wins face-off versus Peter Regin in Thunder zone.
14:02 of 2nd period - Slapshot by Pavel Vorobiev.
14:02 of 2nd period - Stopped by Adam Munro with a rebound.
14:04 of 2nd period - Slapshot by Tom Gilbert.
14:04 of 2nd period - Deflect By Peter Regin.
14:04 of 2nd period - Stopped by Adam Munro without a rebound.
14:05 of 2nd period - Peter Regin wins face-off versus John Mitchell in Thunder zone.
14:05 of 2nd period - Peter Regin is hit by Peter Olvecky.
14:17 of 2nd period - Peter Regin is hit by Pavel Vorobiev.
14:32 of 2nd period - Off-side.
14:33 of 2nd period - Cory Emmerton wins face-off versus Peter Regin in neutral zone.
14:42 of 2nd period - Snap shot by Mathieu Darche.
14:42 of 2nd period - Stopped by Adam Munro with a rebound.
15:01 of 2nd period - Off-side.
15:02 of 2nd period - John Mitchell wins face-off versus Ivan Novoseltsev in neutral zone.
15:17 of 2nd period - Slapshot by Paul Ranger.
15:17 of 2nd period - Stopped by Adam Munro with a rebound.
15:37 of 2nd period - Snap shot by Pavel Vorobiev.
15:37 of 2nd period - Stopped by Adam Munro with a rebound.
15:39 of 2nd period - Slapshot by John Mitchell.
15:39 of 2nd period - Shot Blocked by Alexei Semenov.
15:45 of 2nd period - Slapshot by Pavel Vorobiev.
15:45 of 2nd period - Stopped by Adam Munro without a rebound.
15:46 of 2nd period - Cory Emmerton wins face-off versus Peter Regin in Thunder zone.
16:00 of 2nd period - Penalty to Samuel Pahlsson is over, Samuel Pahlsson is back on ice.
16:11 of 2nd period - Samuel Pahlsson is hit by Alexandre Picard.
16:15 of 2nd period - Snap shot by Steven Goertzen.
16:15 of 2nd period - Stopped by Adam Munro with a rebound.
17:11 of 2nd period - Snap shot by Scott Parse.
17:11 of 2nd period - Stopped by Marek Schwarz without a rebound.
17:12 of 2nd period - T.J. Oshie wins face-off versus John Mitchell in Machettes zone.
17:21 of 2nd period - Slapshot by Adam Hall.
17:21 of 2nd period - Shot Blocked by John Mitchell.
18:00 of 2nd period - Tyler McNeely is hit by Scott Parse and loses puck.
18:15 of 2nd period - Doug Janik is hit by Tyler McNeely.
18:18 of 2nd period - Icing by Alexei Semenov.
18:19 of 2nd period - John Mitchell wins face-off versus Peter Regin in Thunder zone.
18:46 of 2nd period - Slapshot by Doug Janik.
18:46 of 2nd period - Shot Misses the Net.
19:00 of 2nd period - Slapshot by Paul Ranger.
19:00 of 2nd period - Deflect By Stephane Da Costa.
19:00 of 2nd period - Shot Blocked by Joey Ryan.
19:00 of 2nd period - Puck is out of play.
19:01 of 2nd period - T.J. Oshie wins face-off versus Stephane Da Costa in Thunder zone.
19:07 of 2nd period - Minor Penalty to Kevin Montgomery for Roughing.
19:08 of 2nd period - John Mitchell wins face-off versus Peter Regin in Thunder zone.
19:17 of 2nd period - Slapshot by Peter Regin.
19:17 of 2nd period - Shot Blocked by Peter Olvecky.
19:19 of 2nd period - Wrist shot by Peter Regin.
19:19 of 2nd period - Stopped by Marek Schwarz with a rebound.
19:21 of 2nd period - Slapshot by Samuel Pahlsson.
19:21 of 2nd period - Stopped by Marek Schwarz without a rebound.
19:22 of 2nd period - John Mitchell wins face-off versus Peter Regin in Machettes zone.
19:29 of 2nd period - Slapshot by Alexei Semenov.
19:29 of 2nd period - Shot Misses the Net.

3rd period


0:01 of 3rd period - Peter Regin wins face-off versus John Mitchell in neutral zone.
0:31 of 3rd period - Slapshot by Alexandre Picard.
0:31 of 3rd period - Shot Misses the Net.
0:33 of 3rd period - Wrist shot by Cory Emmerton.
0:33 of 3rd period - Stopped by Adam Munro with a rebound.
0:35 of 3rd period - Backhand shot by Stefan Ruzicka.
0:35 of 3rd period - Stopped by Adam Munro with a rebound.
0:51 of 3rd period - Slapshot by Doug Janik.
0:51 of 3rd period - Stopped by Marek Schwarz with a rebound.
1:07 of 3rd period - Penalty to Kevin Montgomery is over, Kevin Montgomery is back on ice.
2:53 of 3rd period - Snap shot by Pavel Vorobiev.
2:53 of 3rd period - Shot Misses the Net.
2:55 of 3rd period - Wrist shot by Pavel Vorobiev.
2:55 of 3rd period - Stopped by Adam Munro without a rebound.
2:56 of 3rd period - Samuel Pahlsson wins face-off versus John Mitchell in Thunder zone.
3:26 of 3rd period - Backhand shot by Pavel Vorobiev.
3:26 of 3rd period - Stopped by Adam Munro with a rebound.
3:34 of 3rd period - Snap shot by Pavel Vorobiev.
3:34 of 3rd period - Deflect By John Mitchell.
3:34 of 3rd period - Stopped by Adam Munro without a rebound.
3:35 of 3rd period - Cory Emmerton wins face-off versus Samuel Pahlsson in Thunder zone.
3:52 of 3rd period - Tom Gilbert is hit by Scott Parse and loses puck.
4:51 of 3rd period - Snap shot by Mike Weber.
4:51 of 3rd period - Goal by Mike Weber - Thunder : 4 - Machettes : 3.
4:52 of 3rd period - John Mitchell wins face-off versus Peter Regin in neutral zone.
5:07 of 3rd period - Wrist shot by Peter Regin.
5:07 of 3rd period - Stopped by Marek Schwarz with a rebound.
5:17 of 3rd period - Icing by Doug Janik.
5:18 of 3rd period - Peter Regin wins face-off versus Cory Emmerton in Thunder zone.
5:18 of 3rd period - Minor Penalty to Alec Martinez for High sticking.
5:19 of 3rd period - Pavel Vorobiev wins face-off versus Peter Regin in Machettes zone.
5:35 of 3rd period - Snap shot by Stefan Ruzicka.
5:35 of 3rd period - Stopped by Adam Munro without a rebound.
5:36 of 3rd period - Pavel Vorobiev wins face-off versus Samuel Pahlsson in Thunder zone.
5:36 of 3rd period - Minor Penalty to Samuel Pahlsson for High sticking.
5:37 of 3rd period - Peter Regin wins face-off versus Pavel Vorobiev in Thunder zone.
6:04 of 3rd period - Stefan Ruzicka is hit by Doug Janik and loses puck.
6:23 of 3rd period - Slapshot by Alexandre Picard.
6:23 of 3rd period - Deflect By Tyler McNeely.
6:23 of 3rd period - Stopped by Adam Munro without a rebound.
6:24 of 3rd period - Tyler McNeely wins face-off versus Peter Regin in Thunder zone.
6:25 of 3rd period - Slapshot by Paul Ranger.
6:25 of 3rd period - Stopped by Adam Munro with a rebound.
6:52 of 3rd period - Icing by Daniel Winnik.
6:53 of 3rd period - Pavel Vorobiev wins face-off versus Dany Roussin in Thunder zone.
7:04 of 3rd period - Wrist shot by Peter Regin.
7:04 of 3rd period - Stopped by Marek Schwarz with a rebound.
7:18 of 3rd period - Penalty to Alec Martinez is over, Alec Martinez is back on ice.
7:18 of 3rd period - Doug Janik is hit by John Mitchell and loses puck.
7:25 of 3rd period - Slapshot by Tom Gilbert.
7:25 of 3rd period - Stopped by Adam Munro without a rebound.
7:26 of 3rd period - Peter Regin wins face-off versus John Mitchell in Thunder zone.
7:36 of 3rd period - Penalty to Samuel Pahlsson is over, Samuel Pahlsson is back on ice.
7:40 of 3rd period - Minor Penalty to Steven Goertzen for Roughing.
7:41 of 3rd period - Pavel Vorobiev wins face-off versus Peter Regin in Machettes zone.
9:14 of 3rd period - Doug Janik is hit by Paul Ranger and loses puck.
9:23 of 3rd period - Mathieu Darche is hit by Samuel Pahlsson and loses puck.
9:40 of 3rd period - Penalty to Steven Goertzen is over, Steven Goertzen is back on ice.
9:52 of 3rd period - Slapshot by Steven Goertzen.
9:52 of 3rd period - Stopped by Adam Munro without a rebound.
9:53 of 3rd period - Stephane Da Costa wins face-off versus T.J. Oshie in Thunder zone.
9:54 of 3rd period - Wrist shot by Steven Goertzen.
9:54 of 3rd period - Stopped by Adam Munro with a rebound.
10:06 of 3rd period - Minor Penalty to Tyler McNeely for High sticking.
10:06 of 3rd period - Minor Penalty to Joey Ryan for Cross-checking.
10:07 of 3rd period - Peter Regin wins face-off versus Pavel Vorobiev in Machettes zone.
10:18 of 3rd period - Snap shot by Samuel Pahlsson.
10:18 of 3rd period - Deflect By Peter Regin.
10:18 of 3rd period - Shot Misses the Net.
10:18 of 3rd period - Puck is out of play.
10:19 of 3rd period - Pavel Vorobiev wins face-off versus Peter Regin in Machettes zone.
11:34 of 3rd period - T.J. Oshie is hit by Rick Schofield and loses puck.
12:03 of 3rd period - Alec Martinez is hit by Doug Janik and loses puck.
12:06 of 3rd period - Penalty to Tyler McNeely is over, Tyler McNeely is back on ice.
12:06 of 3rd period - Penalty to Joey Ryan is over, Joey Ryan is back on ice.
12:32 of 3rd period - Slapshot by Ivan Novoseltsev.
12:32 of 3rd period - Stopped by Marek Schwarz with a rebound.
12:34 of 3rd period - Snap shot by Joey Ryan.
12:34 of 3rd period - Deflect By Adam Hall.
12:34 of 3rd period - Stopped by Marek Schwarz with a rebound.
12:36 of 3rd period - Wrist shot by Adam Hall.
12:36 of 3rd period - Shot Blocked by Alexandre Picard.
12:38 of 3rd period - Slapshot by Derek Peltier.
12:38 of 3rd period - Shot Misses the Net.
12:40 of 3rd period - Slapshot by Derek Peltier.
12:40 of 3rd period - Shot Misses the Net.
12:42 of 3rd period - Wrist shot by Adam Hall.
12:42 of 3rd period - Shot Misses the Net.
12:44 of 3rd period - Slapshot by Ivan Novoseltsev.
12:44 of 3rd period - Deflect By Steven Goertzen.
12:44 of 3rd period - Shot Misses the Net.
12:44 of 3rd period - Puck is out of play.
12:45 of 3rd period - Pierre-Alexandre Parenteau wins face-off versus Cory Emmerton in Machettes zone.
13:10 of 3rd period - Rick Schofield is hit by Doug Janik and loses puck.
13:15 of 3rd period - Wrist shot by Pat Dwyer.
13:15 of 3rd period - Shot Blocked by Tom Gilbert.
13:50 of 3rd period - Minor Penalty to Peter Olvecky for Tripping.
13:51 of 3rd period - Peter Regin wins face-off versus Pavel Vorobiev in Machettes zone.
13:58 of 3rd period - Wrist shot by Ivan Novoseltsev.
13:58 of 3rd period - Shot Blocked by Tom Gilbert.
14:00 of 3rd period - Slapshot by Alexei Semenov.
14:00 of 3rd period - Shot Blocked by Paul Ranger.
14:02 of 3rd period - Backhand shot by Peter Regin.
14:02 of 3rd period - Shot Blocked by Tom Gilbert.
14:12 of 3rd period - Doug Janik is hit by Stefan Ruzicka and loses puck.
14:23 of 3rd period - Tom Gilbert is hit by Dany Roussin and loses puck.
15:31 of 3rd period - Rick Schofield is hit by Ivan Novoseltsev and loses puck.
15:50 of 3rd period - Penalty to Peter Olvecky is over, Peter Olvecky is back on ice.
16:48 of 3rd period - Snap shot by Stephane Da Costa.
16:48 of 3rd period - Shot Misses the Net.
17:35 of 3rd period - Colton Gillies is hit by Dustin Jeffrey.
17:36 of 3rd period - Icing by Colton Gillies.
17:37 of 3rd period - Stephane Da Costa wins face-off versus Tom Pyatt in Thunder zone.
17:44 of 3rd period - Wrist shot by Stephane Da Costa.
17:44 of 3rd period - Shot Blocked by Alexei Semenov.
17:52 of 3rd period - Icing by Alexandre Picard.
17:53 of 3rd period - Tyler McNeely wins face-off versus Pierre-Alexandre Parenteau in Machettes zone.
18:32 of 3rd period - Wrist shot by Steven Goertzen.
18:32 of 3rd period - Shot Misses the Net.
18:52 of 3rd period - Slapshot by Stephane Da Costa.
18:52 of 3rd period - Stopped by Adam Munro with a rebound.
18:54 of 3rd period - Wrist shot by Steven Goertzen.
18:54 of 3rd period - Machettes goal is going for a video replay.
18:54 of 3rd period - The goal is refused. The net was displaced accidentally..
18:55 of 3rd period - Guy Carbonneau call a timeout for Machettes.
18:55 of 3rd period - John Mitchell wins face-off versus Peter Regin in Thunder zone.
19:04 of 3rd period - Wrist shot by Peter Regin.
19:04 of 3rd period - Shot Blocked by Paul Ranger.
19:14 of 3rd period - Machettes, Marek Schwarz is pulled from the net.
19:34 of 3rd period - Wrist shot by Ivan Novoseltsev.
19:34 of 3rd period - Goal by Ivan Novoseltsev - Thunder : 5 - Machettes : 3.
19:34 of 3rd period - Marek Schwarz from Machettes was sent back in the game.
19:35 of 3rd period - T.J. Oshie wins face-off versus Stephane Da Costa in neutral zone.
19:37 of 3rd period - Minor Penalty to Steven Goertzen for Hooking.
19:38 of 3rd period - Pavel Vorobiev wins face-off versus Peter Regin in Machettes zone.


Output by the SimonT Hockey Simulator (STHS) for François Prévost -- Original Page W3C XHTML 1.0 Valid
Hockey Simulator - Hockey Simulation - Hockey Manager